 Seeded DCSS version 0.30-a0-172-gc5509c9e31 (webtiles) character file.

Game seed: 12090914615902206718 (custom seed)

14396 valliere the Covert (level 12, -7/72 HPs)
             Began as a Kobold Enchanter on Oct 1, 2022.
             Was an Elder of Dithmenos.
             Hit by a silver javelin thrown by a minotaur (43 damage)
             ... in a Gauntlet.
             The game lasted 00:35:54 (10359 turns).

valliere the Covert (Kobold Enchanter)             Turns: 10359, Time: 00:35:55

Health: -7/72      AC: 11    Str: 15    XL:     12   Next: 44%
Magic:  12/13      EV: 18    Int: 15    God:    Dithmenos [****..]
Gold:   715        SH:  0    Dex: 10    Spells: 10/15 levels left

rFire   + . .      SeeInvis +    l - +8 dagger of Currency {drain, Str+7 Int-2 SInv}
rCold   + . .      Faith    .    (no shield)
rNeg    + + +      Spirit   .    P - +1 robe of Precision Catastrophes {Rampage Will+}
rPois   +          Reflect  .    J - +1 helmet
rElec   +          Harm     +    d - +2 cloak "Sugocs" {Harm rElec rF+++ Dex-2}
rCorr   .          Rampage  +    n - +0 pair of gloves
Will    +....      NoTele   +    C - +0 pair of boots
Stlth   +++++++++.               u - amulet of Derobluo {Harm rElec rF- Regen+ Str+5}
HPRegen 1.12/turn                z - ring "Caotoixi" {Ice +Blink rN+++ Str-3 Dex-5}
MPRegen 0.13/turn                I - ring of poison resistance

@: wreathed by umbra, studying Dodging
A: small, no large weapons, nightstalker 3, clumsy 1, low MP 1, wild magic 1
a: Renounce Religion, Evoke Blink, Shadow Step


You were in a Gauntlet.
You worshipped Dithmenos.
Dithmenos was greatly pleased with you.
You visited 2 branches of the dungeon, and saw 12 of its levels.
You also visited: Bailey and Gauntlet.

You collected 715 gold pieces.

Inventory:

Hand Weapons
 a - a +1 dagger
 l - the +8 dagger of Currency (weapon) {drain, Str+7 Int-2 SInv}
   (You found it on level 2 of the Dungeon)

   A truly terrible weapon, it drains the life of any living foe it strikes.
   Str:       It affects your strength (+7).
   Int:       It affects your intelligence (-2).
   SInv:      It lets you see invisible.
Missiles
 b - 5 datura-tipped darts
 p - 36 poisoned darts (quivered)
Armour
 c - the +1 robe of the Tundras {Str-2 Int+2 Dex+9}
   (You found it in a bailey)

   Str:       It affects your strength (-2).
   Int:       It affects your intelligence (+2).
   Dex:       It affects your dexterity (+9).
 d - the +2 cloak "Sugocs" (worn) {Harm rElec rF+++ Dex-2}
   (You found it in a Gauntlet)

   Dex:       It affects your dexterity (-2).
   rF:        It renders you almost immune to fire.
   rElec:     It insulates you from electricity.
   Harm:      It increases damage dealt and taken.
 n - a +0 pair of gloves (worn)
 C - a +0 pair of boots (worn)
 D - a +1 hat
 H - a +0 cloak
 J - a +1 helmet (worn)
 P - the +1 robe of Precision Catastrophes (worn) {Rampage Will+}
   (You found it on level 8 of the Dungeon)

   Rampage:   It bestows one free step when moving towards enemies.
   Will:      It increases your willpower.
 U - a +0 helmet of intelligence
Jewellery
 u - the amulet of Derobluo (around neck) {Harm rElec rF- Regen+ Str+5}
   (You acquired it on level 4 of the Dungeon)

   [amulet of regeneration]

   Str:       It affects your strength (+5).
   rF:        It makes you vulnerable to fire.
   rElec:     It insulates you from electricity.
   Regen:     It increases your rate of health regeneration.
   Harm:      It increases damage dealt and taken.
 v - an amulet of the acrobat
 w - the ring "Zocvoesa" {rF++ rN+ Dex+3}
   (You acquired it on level 4 of the Dungeon)

   [ring of positive energy]

   Dex:       It affects your dexterity (+3).
   rF:        It greatly protects you from fire.
   rN:        It protects you from negative energy.
 z - the ring "Caotoixi" (left hand) {Ice +Blink rN+++ Str-3 Dex-5}
   (You found it in a Gauntlet)

   [ring of ice]

   It enhances your ice magic.
   Str:       It affects your strength (-3).
   Dex:       It affects your dexterity (-5).
   rF:        It makes you vulnerable to fire.
   rC:        It protects you from cold.
   rN:        It renders you almost immune to negative energy.
   +Blink:    It lets you blink.
 I - a ring of poison resistance (right hand)
 K - an amulet of guardian spirit
 Q - a ring of ice
 R - a +6 ring of intelligence
Wands
 t - a wand of iceblast (12)
 A - a wand of mindburst (9)
 E - a wand of paralysis (6)
 M - a wand of polymorph (3)
 N - a wand of digging (6)
 S - a wand of flame (5)
Scrolls
 e - a scroll of vulnerability {unknown}
 g - a scroll of poison {unknown}
 i - 2 scrolls of teleportation
 j - 3 scrolls of magic mapping
 y - a scroll of fear {unknown}
 B - a scroll of noise {unknown}
 G - a scroll of enchant weapon {unknown}
 L - 3 scrolls of immolation
 O - a scroll of butterflies {unknown}
 T - a scroll of summoning
Potions
 f - a potion of berserk rage {unknown}
 h - 7 potions of brilliance
 k - 7 potions of might
 m - 3 potions of attraction
 q - a potion of degeneration {unknown}
 r - 2 potions of curing
 s - 4 potions of heal wounds
 x - a potion of lignification {unknown}
 F - a potion of ambrosia
Miscellaneous
 o - a phantom mirror


   Skills:
 + Level 7.3 Fighting
 * Level 12.6 Short Blades
 + Level 5.1 Armour
 * Level 10.5 Dodging
 * Level 14.1 Stealth
 - Level 2.1 Spellcasting
 + Level 7.4 Hexes
 + Level 1.1 Invocations
 + Level 1.3 Evocations


You had 10 spell levels left.
You knew the following spells:

 Your Spells              Type           Power      Damage    Failure   Level
a - Ensorcelled Hibernat  Hex/Ice        50%        N/A       11%         2
b - Confusing Touch       Hex            31%        N/A       5%          3

Your spell library contained the following spells:

 Spells                   Type           Power      Damage    Failure   Level
 Slow                     Hex            100%       N/A       2%          1
 Tukima's Dance           Hex            31%        N/A       5%          3
 Dazzling Flash           Conj/Hex       32%        N/A       21%         3
 Portal Projectile        Hex/Tloc       32%        N/A       21%         3
 Apportation              Tloc           4%         N/A       30%         1
 Blink                    Tloc           4%         N/A       41%         2
 Cigotuvi's Dreadful Rot  Necr/Pois/Air  4%         N/A       41%         2
 Momentum Strike          Conj/Tloc      4%         3d8       41%         2
 Gell's Gravitas          Tloc           2%         N/A       63%         3
 Lesser Beckoning         Tloc           2%         N/A       63%         3
 Teleport Other           Tloc           2%         N/A       63%         3
 Vampiric Draining        Necr           2%         2d6       63%         3
 Dispel Undead            Necr           2%         3d7       95%         4
 Alistair's Intoxication  Tmut/Pois      1%         N/A       100%        5
 Blade Hands              Tmut           1%         N/A       100%        5
 Death Channel            Necr           1%         N/A       100%        6
 Dispersal                Tloc           1%         N/A       100%        6


Dungeon Overview and Level Annotations

Branches:
Dungeon (11/15)            Temple (1/1) D:7             Orc (0/2) D:10
 Bailey (visited)         Gauntlet (1/1)
   Lair: D:8-11

Altars:
Ashenzari
Cheibriados
Dithmenos
Elyvilon
Fedhas
Gozag
Hepliaklqana
Kikubaaqudgha
Makhleb
Nemelex Xobeh
Okawaru
Qazlal
Ru
Sif Muna
Trog
Uskayaw
Vehumet
Wu Jian
Xom
Yredelemnul
Zin
The Shining One

Annotations:
D:3 3 runed translucent doors Gauntlet 10 transporters, exclusions: lightning spire and oklob plant


Innate Abilities, Weirdness & Mutations

You are small and have problems with some larger weapons.
You are completely attuned to the shadows.
You are clumsy. (Dex -2)
Your magical capacity is low. (-10% MP)
Your spells are a little harder to cast, but a little more powerful.


Message History

The minotaur barely misses you.
There is an open door here.
As you read the scroll of summoning, it crumbles to dust.
Wisps of shadow whirl around you...
The minotaur hits you with a +2 great sword of holy wrath.
The minotaur gores you but does no damage.
Your moth of wrath bites the minotaur but does no damage.
You swap places.
Your wolf bites the minotaur. x2
The minotaur drinks a potion.
The minotaur is healed!
What are your orders? t - Shout!
Orders for allies: a - Attack new target. r - Retreat! s - Stop attacking. g - Guard the area. f - Follow me.
Anything else - Cancel.
Gang up on whom?
Press: ? - help, Dir - move target, f - minotaur
Aim: a minotaur, wielding a +2 great sword of holy wrath, wearing a +0 chain mail, wearing the ring "Ymmufa" {rC+ Str+2} and quivering silver javelins (black smoke, heavily wounded, covered in acid, ally target, umbra) Attack!
Your wolf barely misses the minotaur.
Your wolf bites the minotaur but does no damage.
The minotaur hits your wolf with a +2 great sword of holy wrath!!
Your wolf dies!
Your wolf's corpse dissolves into shadows!
Your wolf bites the minotaur.
Your wolf bites the minotaur but does no damage.
Your wolf bites the minotaur!
The minotaur completely misses your wolf.
The minotaur gores your wolf.
Your wolf bites the minotaur. x2
Your crimson imp hits the minotaur but does no damage.
The minotaur is no longer covered in acid.
Your wolf bites the minotaur.
Your wolf bites the minotaur but does no damage.
The minotaur hits your wolf with a +2 great sword of holy wrath!!!
Your wolf dies!
Your wolf's corpse dissolves into shadows!
The minotaur throws a silver javelin.
The silver javelin pierces through your crimson imp.
The silver javelin pierces through you!!!
Ouch! That really hurt!
You die...

≈≈≈# ≈∩≈≈# .§§≈
###y### #§hHk§#
#####5#######
....@h§§....#
###§###§###.#
#.###.###.#
..........#
.###.###.###
#.###.#####
..........≈# ##
.8.8.8.8.8.8.8.8#
## #8#
...............≈#
#8#


You could see a minotaur (ally target), a friendly rime drake (summoned), a
friendly wolf (summoned) and a friendly crimson imp (summoned).

Vanquished Creatures
  A hydra (D:9)
  2 two-headed ogres
  An orc knight (Bailey)
  2 cyclopes
  An orc sorcerer (Bailey)
  Maurice (D:8)
  A rust devil (Gauntlet)
  An unseen horror (D:10)
  A kobold demonologist (Bailey)
  An efreet (Gauntlet)
  2 trolls
  2 hornets
  Sigmund (D:2)
  A wraith (D:10)
  A shadow (D:9)
  A vampire (D:7)
  A fire elemental (Gauntlet)
  11 yaks
  A ynoxinul (Gauntlet)
  A wyvern (D:7)
  An acid dragon (D:10)
  2 water moccasins (D:6)
  2 hell hounds (Gauntlet)
  A black bear (D:5)
  2 ice beasts (D:7)
  13 orc warriors
  2 ogres (D:5)
  A phantom (D:7)
  5 kobold brigands
  Blork the orc (D:6)
  2 necrophages
  5 bullfrogs
  5 scorpions
  5 wights (D:7)
  4 killer bees (D:8)
  11 howler monkeys
  5 hounds
  6 orc priests
  4 jellies
  An iron imp (Gauntlet)
  8 iguanas
  Ijyb (D:4)
  Terence (D:3)
  12 orc wizards
  Natasha (D:2)
  9 gnolls
  4 adders
  A shadow imp (D:7)
  A white imp (D:5)
  2 ufetubi (D:4)
  A worm (D:5)
  A dart slug (D:4)
  45 orcs
  2 bats
  5 endoplasms
  15 goblins
  17 hobgoblins
  5 quokkas
  4 ball pythons
  3 frilled lizards
  25 kobolds
  3 rats
278 creatures vanquished.

Vanquished Creatures (collateral kills)
  A soul eater (Gauntlet)
  A hell hound (Gauntlet)
  A shadow imp (Gauntlet)
3 creatures vanquished.

Vanquished Creatures (others)
  14 demonic plants (Gauntlet)
  4 withered plants (Gauntlet)
18 creatures vanquished.

Grand Total: 299 creatures vanquished

Notes
Turn   | Place    | Note
-------+----------+-------------------------------------------
     0 | D:1      | valliere the Kobold Enchanter began the quest for the Orb.
     0 | D:1      | Reached XP level 1. HP: 10/10 MP: 3/3
   347 | D:1      | Reached XP level 2. HP: 15/15 MP: 5/5
   422 | D:1      | You fall into a shaft and drop 1 floor!
   675 | D:2      | Identified the +8 dagger of Currency {drain, Str+7 Int-2
                  | SInv}
   762 | D:2      | Noticed Sigmund
   765 | D:2      | Reached XP level 3. HP: 20/20 MP: 6/6
   767 | D:2      | Killed Sigmund
   768 | D:2      | Reached skill level 1 in Fighting
   768 | D:2      | Reached skill level 5 in Stealth
   768 | D:2      | Reached XP level 4. HP: 26/26 MP: 7/7
   768 | D:2      | Reached XP level 5. HP: 30/30 MP: 8/8
   871 | D:2      | Reached XP level 6. HP: 35/35 MP: 9/9
   906 | D:2      | Noticed Natasha
   913 | D:2      | Killed Natasha
  1291 | D:3      | Found a runed translucent gate.
  1291 | D:3      | Found a runed translucent gate.
  1291 | D:3      | Found a runed translucent gate.
  1303 | D:3      | Noticed Terence
  1324 | D:2      | Learned a level 2 spell: Ensorcelled Hibernation
  1328 | D:2      | Learned a level 3 spell: Confusing Touch
  1417 | D:3      | Killed Terence
  1418 | D:3      | Reached skill level 6 in Stealth
  1872 | D:3      | Found a faded altar of an unknown god.
  2028 | D:4      | Reached XP level 7. HP: 40/40 MP: 10/10
  2080 | D:4      | Reached skill level 5 in Short Blades
  2144 | D:4      | Noticed Ijyb
  2155 | D:4      | Killed Ijyb
  2242 | D:4      | Reached skill level 1 in Armour
  2245 | D:4      | Reached skill level 7 in Stealth
  2369 | D:4      | Identified 2 scrolls of acquirement
  2369 | D:4      | Acquired the ring "Zocvoesa" {rF++ rN+ Dex+3}
  2377 | D:4      | Acquired the amulet of Derobluo {Harm rElec rF- Regen+
                  | Str+5}
  2586 | D:4      | Found an ornate altar of the Wu Jian Council.
  2589 | D:4      | Found a shimmering blue altar of Sif Muna.
  3216 | D:5      | Entered Level 5 of the Dungeon
  3238 | D:5      | Reached XP level 8. HP: 46/46 MP: 8/11
  3351 | D:5      | Reached skill level 8 in Stealth
  3739 | D:5      | Found a bloodstained altar of Trog.
  4248 | D:6      | Noticed a +0 hand axe
  4249 | D:6      | Found a hide-covered altar of Uskayaw.
  4249 | D:6      | Noticed a +0 hand axe
  4252 | D:6      | Reached skill level 5 in Dodging
  4252 | D:6      | Reached XP level 9. HP: 52/52 MP: 12/12
  4270 | D:6      | Reached skill level 9 in Stealth
  4275 | D:6      | Noticed a hornet
  4279 | D:6      | Killed a hornet
  4280 | D:6      | Reached skill level 5 in Hexes
  4292 | D:6      | Noticed Blork the orc
  4304 | D:6      | Killed Blork the orc
  5349 | D:7      | Reached skill level 10 in Stealth
  5584 | D:7      | Reached XP level 10. HP: 37/58 MP: 13/13
  5804 | D:7      | Found a staircase to the Ecumenical Temple.
  5810 | Temple   | Entered the Ecumenical Temple
  5992 | Temple   | Became a worshipper of Dithmenos the Shadowed
  6099 | D:7      | Reached skill level 5 in Fighting
  6118 | D:7      | Noticed a cyclops
  6138 | D:7      | Killed a cyclops
  6139 | D:7      | Reached skill level 11 in Stealth
  6292 | D:7      | Found a basalt altar of Yredelemnul.
  6296 | D:7      | Found an iron altar of Okawaru.
  6296 | D:7      | Found a white marble altar of Elyvilon.
  6297 | D:7      | Found a blossoming altar of Fedhas.
  6323 | D:7      | Found a sparkling altar of Nemelex Xobeh.
  6588 | D:7      | Reached skill level 10 in Short Blades
  7054 | D:8      | Noticed Maurice
  7086 | D:8      | Reached * piety under Dithmenos
  7144 | D:8      | Killed Maurice
  7291 | D:8      | Reached XP level 11. HP: 64/64 MP: 14/14
  7293 | D:8      | Reached skill level 12 in Stealth
  7543 | D:8      | Identified the +1 robe of Precision Catastrophes {Rampage
                  | Will+}
  7720 | D:9      | Noticed a six-headed hydra
  7725 | D:9      | Killed a six-headed hydra
  7732 | D:9      | Noticed a two-headed ogre
  7735 | D:9      | Killed a two-headed ogre
  7757 | D:9      | Reached ** piety under Dithmenos
  7864 | D:9      | Found an ancient bone altar of Kikubaaqudgha.
  8089 | D:9      | Found a flagged portal.
  8094 | D:9      | Paralysed by a hornet for 3 turns
  8113 | Bailey   | Entered a bailey
  8239 | Bailey   | Acquired a manual of Dodging
  8286 | Bailey   | Found an iron altar of Okawaru.
  8287 | Bailey   | Noticed an orc sorcerer
  8289 | Bailey   | Killed an orc sorcerer
  8290 | Bailey   | Reached skill level 13 in Stealth
  8329 | Bailey   | Identified the +1 robe of the Tundras {Str-2 Int+2 Dex+9}
  8401 | Bailey   | Noticed an orc knight
  8404 | Bailey   | Killed an orc knight
  8436 | Bailey   | Reached *** piety under Dithmenos
  8556 | D:9      | Gained mutation: Your magical capacity is low. (-10% MP)
                  | [potion of mutation]
  8556 | D:9      | Gained mutation: You are clumsy. (Dex -2) [potion of
                  | mutation]
  8556 | D:9      | Gained mutation: Your spells are a little harder to cast,
                  | but a little more powerful. [potion of mutation]
  8824 | D:10     | Entered Level 10 of the Dungeon
  8824 | D:10     | Noticed a cyclops
  8826 | D:10     | Killed a cyclops
  9029 | D:10     | Reached XP level 12. HP: 71/71 MP: 13/13
  9225 | D:10     | Found a staircase to the Orcish Mines.
  9310 | D:10     | Noticed a two-headed ogre
  9312 | D:10     | Killed a two-headed ogre
  9313 | D:10     | Reached skill level 5 in Armour
  9374 | D:10     | Reached **** piety under Dithmenos
  9705 | D:11     | Found a gate leading to a gauntlet.
  9711 | Gauntlet | Entered a Gauntlet
  9711 | Gauntlet | Found a transporter.
  9711 | Gauntlet | Found a transporter.
  9722 | Gauntlet | Found a transporter.
  9729 | Gauntlet | Noticed a soul eater
  9739 | Gauntlet | Found a transporter.
  9758 | Gauntlet | Found a transporter.
  9758 | Gauntlet | Found a transporter.
  9788 | Gauntlet | Found a transporter.
  9812 | Gauntlet | Found a transporter.
  9876 | Gauntlet | Found a transporter.
  9884 | Gauntlet | Found a transporter.
  9908 | Gauntlet | Found a transporter.
  9917 | Gauntlet | Found a transporter.
 10005 | Gauntlet | Found a transporter.
 10013 | Gauntlet | Found a transporter.
 10018 | Gauntlet | Noticed a death scarab
 10035 | Gauntlet | Found a transporter.
 10043 | Gauntlet | Found a transporter.
 10122 | Gauntlet | Identified the ring "Caotoixi" {Ice +Blink rN+++ Str-3
                  | Dex-5}
 10129 | Gauntlet | Reached skill level 10 in Dodging
 10221 | Gauntlet | Identified the +2 cloak "Sugocs" {Harm rElec rF+++ Dex-2}
 10253 | Gauntlet | Killed a soul eater
 10254 | Gauntlet | Reached skill level 14 in Stealth
 10277 | Gauntlet | Reached skill level 1 in Evocations
 10286 | Gauntlet | Reached skill level 1 in Invocations
 10334 | Gauntlet | Identified the ring "Ymmufa" {rC+ Str+2}
 10334 | Gauntlet | Noticed a minotaur
 10359 | Gauntlet | Hit by a silver javelin thrown by a minotaur

Illustrated notes

Levels and vault maps discovered:
D:1:      minmay_arrival_checkered_box, layout_loops_corners, serial_forest,
          infiniplex_forest_fountain, infiniplex_forest_straight_2,
          infiniplex_forest_corner_1, infiniplex_forest_lined_room_2,
          infiniplex_forest_lined_1, infiniplex_forest_clump_tiny,
          roderic_lattice_a, minmay_pentomino_t2
D:2:      layout_loops_ring, kennysheep_generic_room_14, uniq_sigmund,
          uniq_natasha
D:3:      minmay_angry_zag, layout_basic, gammafunk_ghost_necromancy,
          basic_ecumenical_altar, uniq_terence
D:4:      layout_cave_pods, jmf_multi_god_temple, corexii_corridor_pit,
          uniq_ijyb
D:5:      layout_loops_corners, bloody_trog
D:6:      layout_loops_ring, dancing_weapons_uskayaw, centaur_isle,
          uniq_blork_the_orc
D:7:      wad_guarded_room, layout_gridville,
          chequers_temple_overflow_statue_of_worship,
          nemelex_xobeh_ov_fountains_minmay, lemuel_temple_firewalk_b,
          amcnicky_mini_rare_corridor_liquid
D:8:      layout_basic, uniq_maurice
D:9:      layout_cave_pools, old_standard_altar, enter_bailey_4,
          minmay_stone_trees_medium
D:10:     layout_basic, hiddenorc1_lemuel, minivault_24
D:11:     layout_loops_ring, erik_lair_orcish_takeover, gauntlet_entry_generic
Temple:   nicolae_temple_hex_pool
Gauntlet: gammafunk_gauntlet_branching [gammafunk_gauntlet_arena_arrow_garden,
          nicolae_gauntlet_arena_grate_2, gammafunk_gauntlet_arena_mazey,
          nicolae_gauntlet_arena_quarters, nicolae_gauntlet_arena_blocks,
          gammafunk_gauntlet_arena_split_x, gammafunk_gauntlet_arena_chambers,
          gammafunk_gauntlet_arena_crates, gauntlet_exit_watery]

Skill      XL: |  1  2  3  4  5  6  7  8  9 10 11 12 |
---------------+-------------------------------------+-----
Short Blades   | 2 3 4 5 7 8 10 12 | 12.6
Fighting       | 1 2 3 4 5 6 7 |  7.3
Dodging        | 3 4 5 6 7 9 10 | 10.5
Stealth        | 5 6 7 8 10 11 13 14 | 14.1
Hexes          | 4 5 6 7 |  7.4
Armour         | 1 2 3 4 5 |  5.1
Evocations     | 1 |  1.3
Invocations    | 1 |  1.1
Spellcasting   | |  2.1

Action                   |  1- 3 |  4- 6 |  7- 9 | 10-12 || total
-------------------------+-------+-------+-------+-------++-------
Melee: Dagger            |    32 |    34 |   215 |   324 ||   605
       Punch             |       |       |       |     1 ||     1
Throw: Dart              |       |       |     1 |     1 ||     2
 Cast: Ensorcelled Hiber |       |     5 |    14 |    25 ||    44
       Confusing Touch   |       |       |     5 |     5 ||    10
  Use: Potion            |     1 |       |       |     5 ||     6
       Scroll            |       |       |     5 |    12 ||    17
 Stab: Sleeping          |     7 |    19 |    35 |    69 ||   130
       Invisible         |     1 |       |       |     1 ||     2
       Distracted        |       |       |     3 |     4 ||     7
       Confused          |       |       |     3 |     3 ||     6
Armor: Ring mail         |     4 |     5 |       |       ||     9
       Robe              |     1 |       |       |    25 ||    26
       Leather armour    |       |       |    28 |    10 ||    38
Dodge: Dodged            |    13 |    13 |   109 |   159 ||   294

Table legend: (Time is in decaauts)
 A = Elapsed time spent in this place.
 B = Non-inter-level travel time spent in this place.
 C = Inter-level travel time spent in this place.
 D = Time resting spent in this place.
 E = Time spent auto-exploring this place.
 F = Levels seen in this place.
 G = Mean time per level.
                   A        B        C        D        E       F      G
               +--------+--------+--------+--------+--------+-----+--------+
         Total |  10124 |   9753 |    371 |    126 |   7531 |  14 |  723.1 |
       Dungeon |   8870 |   8520 |    350 |     97 |   6904 |  11 |  806.4 |
        Temple |    204 |    183 |     21 |      0 |    154 |   1 |  204.0 |
        Bailey |    427 |    427 |      0 |     29 |    121 |   1 |  427.0 |
      Gauntlet |    622 |    622 |      0 |      0 |    352 |   1 |  622.0 |
               +--------+--------+--------+--------+--------+-----+--------+

Top non-repeatable levels by time:
     D:7: 1547 daAuts
     D:4: 1182 daAuts
     D:5: 1014 daAuts
     D:6: 1001 daAuts
     D:2: 872 daAuts
    D:10: 813 daAuts
     D:3: 716 daAuts
     D:9: 677 daAuts
Gauntlet: 622 daAuts
     D:8: 586 daAuts
  Bailey: 427 daAuts
     D:1: 420 daAuts
  Temple: 204 daAuts
    D:11: 37 daAuts
